 Dungeon Crawl Stone Soup version 0.27-a0-1136-g0b992a5a9d (console) character file.

Game seed: 2012793672656062780

4256 nht the Grappler (level 10, 38/87 (91) HPs)
             Began as a Troll Earth Elementalist on May 5, 2021.
             Quit the game on level 9 of the Dungeon.
             The game lasted 00:15:24 (7435 turns).

nht the Grappler (Troll Earth Elementalist)         Turns: 7435, Time: 00:15:24

HP:   38/87 (91)    AC:  6    Str: 18    XL:     10   Next: 10%
MP:   10/10         EV:  9    Int: 14    God:
Gold: 495           SH:  0    Dex: 10    Spells: 10/11 levels left

rFire    . . .     SeeInvis .     - Unarmed
rCold    . . .     Faith    +   (no shield)
rNeg     . . .     Spirit   .   c - +1 robe
rPois    .         Reflect  .   (helmet restricted)
rElec    .         Harm     .   m - +0 cloak
rCorr    .         Rampage  .   (gloves unavailable)
Will     .....                  (boots unavailable)
Stlth    +.........             y - amulet of faith
HPRegen  1.24/turn              (no ring)
MPRegen  0.12/turn              (no ring)

@: studying Hexes, lightly drained
A: large, unfitting armour, claws 3, regeneration 1, shaggy fur 1, tough skin 1
a: no special abilities


You were on level 9 of the Dungeon.
You visited 1 branch of the dungeon, and saw 10 of its levels.
You also visited: Sewer.

You collected 495 gold pieces.

Inventory:

Missiles
 b - 86 stones
 l - 5 javelins
 p - 11 boomerangs
 t - 39 poisoned darts
 v - 7 curare-tipped darts
Armour
 c - a +1 robe (worn)
 m - a +0 cloak (worn)
Jewellery
 q - an amulet of the acrobat
 y - an amulet of faith (around neck)
Wands
 r - a wand of flame (5)
 x - a wand of iceblast (3)
Scrolls
 d - 2 scrolls of magic mapping
 g - a scroll of enchant armour
 h - 4 scrolls of immolation
 j - 2 scrolls of blinking
 k - 3 scrolls of teleportation
 n - a scroll of enchant weapon
 s - a scroll of identify
 w - a scroll of vulnerability
Potions
 a - 4 potions of flight
 e - 2 potions of curing
 f - a potion of mutation
 i - a potion of resistance
 o - a potion of brilliance
 u - a potion of heal wounds


   Skills:
 + Level 3.6 Fighting
 - Level 1.5 Dodging
 - Level 1.0 Stealth
 + Level 12.7 Unarmed Combat
 - Level 1.2 Spellcasting
 - Level 2.3 Transmutations
 + Level 4.1 Earth Magic


You had 10 spell levels left.
You knew the following spells:

 Your Spells              Type           Power      Damage    Failure   Level
a - Sandblast             Erth           24%        2d8       4%          1

Your spell library contained the following spells:

 Spells                   Type           Power      Damage    Failure   Level
 Passwall                 Tmut/Erth      7%         N/A       11%         2
 Stone Arrow              Conj/Erth      12%        3d7       32%         3
 Petrify                  Tmut/Erth      9%         N/A       56%         4
 Lee's Rapid Deconstruct  Erth           6%         3d7*      78%         5


Dungeon Overview and Level Annotations

Branches:
Dungeon (10/15)            Temple (0/1) D:5             Orc (0/2) D:10
  Sewer (visited)
   Lair: D:8-11

Altars:
Cheibriados
Dithmenos
Elyvilon
Fedhas
Hepliaklqana
Makhleb
Nemelex Xobeh
Sif Muna
Trog
Yredelemnul
Zin
The Shining One


Innate Abilities, Weirdness & Mutations

You are too large for most types of armour.
You have claws for hands.
Your natural rate of healing is unusually fast.
You are covered in fur. (AC +1)
You have tough skin. (AC +1)


Message History

The orc warrior hits you but does no damage.
The centaur zombie closely misses you.
The centaur zombie kicks you but does no damage.
The orc shouts!
You claw the centaur zombie!
The centaur zombie is severely damaged.
You hear a shout!
The centaur zombie hits you but does no damage.
The centaur zombie closely misses you.
The orc warrior hits you from afar with a +0 glaive.
You claw the centaur zombie!
The centaur zombie is almost destroyed.
An orc priest comes into view. It is wielding a +0 dagger.
The centaur zombie hits you.
The centaur zombie kicks you but does no damage.
The orc priest shouts!
You claw the centaur zombie!
You destroy the centaur zombie!
The orc warrior hits you from afar with a +0 glaive!
You barely miss the necrophage. You claw the necrophage!
The necrophage is heavily damaged.
The necrophage hits you.
You feel drained.
The orc warrior hits you from afar with a +0 glaive!
You barely miss the necrophage.
The necrophage is heavily damaged.
The necrophage closely misses you.
The orc priest miscasts a cantrip.
You closely miss the necrophage.
The necrophage is heavily damaged.
The orc warrior hits you but does no damage.
You closely miss the necrophage.
The necrophage is heavily damaged.
The necrophage completely misses you.
The orc warrior hits you from afar with a +0 glaive!!
You scratch the necrophage but do no damage.
The necrophage is heavily damaged.
The necrophage hits you but does no damage.
The orc warrior barely misses you.
An orc comes into view. It is wielding a +0 trident.
Are you sure you want to abandon this character and quit the game? (Confirm with "yes".) ████████████████.█ . .█...............█ .█.████...██████.█ ██.█o .█.█ █...█ █.█ ..... .█.█ █████

█.█ ...... .█.█ █.█
...... .█.█ █.██......
.█.█ █.█.o.o... ██.█
████████@█.......
█.██████.....██.on.....>
█..))))'.....████...█..$
████████.....█ ...█
█..........█ ...█
█.████.█.███


████ █.█....█.█ █.██.█.█.███████ █.██.█.......... You could see a necrophage and
an orc.

Vanquished Creatures
  A cyclops (D:9)
  Grinder (D:4)
  A basilisk (D:7)
  A steam dragon (D:8)
  A black bear (D:4)
  A hornet zombie (D:9)
  A sky beast (D:5)
  2 necrophages
  An ogre (D:4)
  An ice beast (D:6)
  2 centaurs
  2 kobold brigands
  4 scorpions
  11 killer bees
  9 wights
  3 howler monkeys
  6 centaur zombies
  2 jellies
  A quasit (D:7)
  2 hounds
  10 orc priests
  3 iguanas
  A scorpion zombie (D:5)
  10 orc wizards
  4 river rats
  12 adders
  2 howler monkey skeletons (D:7)
  2 shadow imps (D:7)
  A white imp (D:8)
  An ufetubus (D:6)
  2 adder skeletons
  A worm (D:4)
  A dart slug (D:1)
  32 orcs
  5 bats
  5 endoplasms
  2 giant cockroaches (D:2)
  3 goblins
  5 hobgoblins
  5 jackals
  4 quokkas
  7 ball pythons
  2 frilled lizards
  A goblin skeleton (D:7)
  A goblin zombie (D:7)
  6 hobgoblin zombies (D:7)
  16 kobolds
  2 kobold skeletons (D:7)
  A kobold zombie (D:7)
  An orc skeleton (D:7)
  An orc zombie (D:7)
  9 rats
211 creatures vanquished.

Vanquished Creatures (others)
  3 plants (D:3)
  10 withered plants (D:9)
13 creatures vanquished.

Grand Total: 224 creatures vanquished

Notes
Turn   | Place    | Note
-------+----------+-------------------------------------------
     0 | D:1      | nht the Troll Earth Elementalist began the quest for the
                  | Orb.
     0 | D:1      | Reached XP level 1. HP: 16/16 MP: 1/1
   122 | D:1      | Reached skill level 1 in Transmutations
   127 | D:1      | Reached skill level 1 in Unarmed Combat
   128 | D:1      | Reached XP level 2. HP: 24/24 MP: 0/2
   325 | D:1      | You fall into a shaft and drop 1 floor!
   648 | D:2      | Reached XP level 3. HP: 29/31 MP: 0/3
   761 | D:2      | Reached skill level 2 in Unarmed Combat
  1254 | D:2      | Reached XP level 4. HP: 39/39 MP: 0/4
  1619 | D:3      | Found a hazy altar of Hepliaklqana.
  1744 | D:3      | Found a sparkling altar of Nemelex Xobeh.
  1861 | D:3      | Found a faded altar of an unknown god.
  2303 | D:4      | Reached skill level 3 in Unarmed Combat
  2347 | D:4      | Noticed Grinder
  2427 | D:4      | Reached XP level 5. HP: 45/45 MP: 0/5
  2585 | D:4      | Noticed a necrophage
  2612 | D:4      | Reached skill level 4 in Unarmed Combat
  2670 | D:4      | Found a blossoming altar of Fedhas.
  2687 | D:4      | Reached skill level 5 in Unarmed Combat
  2687 | D:4      | Reached XP level 6. HP: 34/53 MP: 6/6
  3027 | D:4      | Reached skill level 6 in Unarmed Combat
  3110 | D:4      | Reached XP level 7. HP: 51/59 MP: 0/7
  3219 | D:4      | Reached skill level 7 in Unarmed Combat
  3443 | D:4      | Killed Grinder
  3597 | D:5      | Entered Level 5 of the Dungeon
  3600 | D:5      | Reached skill level 8 in Unarmed Combat
  3632 | D:5      | Found a glowing drain.
  3653 | Sewer    | Entered a sewer
  3728 | Sewer    | Reached XP level 8. HP: 51/67 MP: 8/8
  3770 | Sewer    | Found a white marble altar of Elyvilon.
  3833 | D:5      | Found a staircase to the Ecumenical Temple.
  3880 | D:5      | Reached skill level 9 in Unarmed Combat
  4010 | D:4      | HP: 2/67 [ogre/+0 giant club (16)]
  4221 | D:5      | Reached skill level 10 in Unarmed Combat
  4359 | D:5      | Found a snail-covered altar of Cheibriados.
  4429 | D:5      | Found a shimmering blue altar of Sif Muna.
  5044 | D:6      | Reached skill level 11 in Unarmed Combat
  5361 | D:6      | Found a glowing silver altar of Zin.
  5361 | D:6      | Found a burning altar of Makhleb.
  5362 | D:6      | Noticed a blizzard demon
  5362 | D:6      | Noticed an angel
  5370 | D:6      | Reached XP level 9. HP: 74/74 MP: 1/9
  5893 | D:7      | Found a glowing golden altar of the Shining One.
  6046 | D:7      | Found a white marble altar of Elyvilon.
  6105 | D:7      | Found a basalt altar of Yredelemnul.
  6373 | D:8      | Found a shadowy altar of Dithmenos.
  6433 | D:8      | Reached skill level 12 in Unarmed Combat
  6588 | D:8      | Reached skill level 1 in Fighting
  7015 | D:9      | Noticed a cyclops
  7022 | D:9      | Killed a cyclops
  7048 | D:10     | Entered Level 10 of the Dungeon
  7128 | D:10     | Found a bloodstained altar of Trog.
  7138 | D:10     | Found a staircase to the Orcish Mines.
  7164 | D:10     | Reached XP level 10. HP: 56/91 MP: 10/10
  7435 | D:9      | Quit the game

Illustrated notes

Levels and vault maps discovered:
D:1:      grunt_arrival_lava_bath, layout_rooms, minmay_tromino_v4_a
D:2:      minmay_inner_zag, layout_basic
D:3:      layout_rooms, nicolae_hepliaklqana_hazy_memory,
          nemelex_diamond_rough_becter, hellmonk_ecumenical_altar_slurped_away
D:4:      layout_gridville, fedhas_ov_isle_minmay, uniq_grinder
D:5:      layout_basic, kennysheep_mini, nicolae_sif_muna_condensation,
          minmay_temple_entry_overgrown, serial_glass, glass_columns_b,
          glass_columns_b, cheibrodos_sewer_entry_sluice
D:6:      layout_basic, grunt_temple_overflow_order_and_chaos_2
D:7:      layout_rooms, kennysheep_ying_yang, nicolae_tso_besieged_by_evil,
          minmay_manual_mess
D:8:      layout_rooms, grunt_dithmenos_smoke, corexii_corridor_pit
D:9:      layout_basic, nicolae_uskayaw_murder_on_the_dancefloor, serial_undead,
          serial_undead_b, serial_undead_f, serial_undead_d, serial_undead_b,
          serial_undead_b, serial_undead_b, serial_undead_a
D:10:     layout_small_grid, bloody_trog, orc_0_dummy, enter_trove_1

Skill      XL: |  1  2  3  4  5  6  7  8  9 10 |
---------------+-------------------------------+-----
Transmutations | 1 2 |  2.3
Unarmed Combat | 1 2 3 5 6 8 11 12 | 12.7
Fighting       | 3 |  3.6
Earth Magic    | 3 4 |  4.1
Dodging        | |  1.5
Stealth        | |  1.0
Spellcasting   | |  1.2

Action                   |  1- 3 |  4- 6 |  7- 9 | 10-12 || total
-------------------------+-------+-------+-------+-------++-------
Melee: Unarmed           |    30 |    62 |   330 |    30 ||   452
       Punch             |       |       |     7 |     4 ||    11
 Cast: Sandblast         |    36 |    64 |    82 |       ||   182
Evoke: Wand              |       |     7 |    11 |       ||    18
  Use: Scroll            |       |     6 |    13 |       ||    19
       Potion            |       |     1 |     3 |     1 ||     5
 Stab: Sleeping          |     1 |     1 |     1 |       ||     3
       Invisible         |       |       |     2 |       ||     2
Armor: Robe              |    13 |    20 |   108 |    15 ||   156
       Skin              |       |       |    30 |       ||    30
Dodge: Dodged            |    13 |    36 |   153 |     8 ||   210

Table legend: (Time is in decaauts)
 A = Elapsed time spent in this place.
 B = Non-inter-level travel time spent in this place.
 C = Inter-level travel time spent in this place.
 D = Time resting spent in this place.
 E = Time spent auto-exploring this place.
 F = Levels seen in this place.
 G = Mean time per level.
                   A        B        C        D        E       F      G
               +--------+--------+--------+--------+--------+-----+--------+
         Total |   7375 |   7028 |    347 |     96 |   5627 |  11 |  670.5 |
       Dungeon |   7195 |   6848 |    347 |     96 |   5501 |  10 |  719.5 |
         Sewer |    179 |    179 |      0 |      0 |    126 |   1 |  179.0 |
               +--------+--------+--------+--------+--------+-----+--------+

Top non-repeatable levels by time:
     D:4: 1446 daAuts
     D:6: 1072 daAuts
     D:2: 1009 daAuts
     D:3: 744 daAuts
     D:5: 721 daAuts
     D:7: 630 daAuts
     D:1: 543 daAuts
     D:8: 529 daAuts
     D:9: 324 daAuts
   Sewer: 179 daAuts
    D:10: 173 daAuts
